 Dungeon Crawl Stone Soup version 0.24.0-123-gd5b16e6ec5 (webtiles) character file.

Game seed: 8480006733368629409, levelgen mode: deterministic

312 Curus the Spear-Bearer (level 6, -14/48 HPs)
             Began as a Merfolk Gladiator on Dec 18, 2019.
             Demolished by an ogre
             ... wielding a +0 giant club
              (20 damage)
             ... on level 4 of the Dungeon.
             The game lasted 00:13:18 (2216 turns).

Curus the Spear-Bearer (Merfolk Gladiator)          Turns: 2216, Time: 00:13:18

Health: -14/48     AC:  6    Str: 14    XL:     6   Next: 42%
Magic:  6/6        EV: 14    Int:  8    God:
Gold:   209        SH:  0    Dex: 17    Spells: 5/5 levels left

rFire    + . .     SeeInvis .   a - +0 trident
rCold    . . .     Gourm    .   (no shield)
rNeg     . . .     Faith    .   b - +0 leather armour
rPois    .         Spirit   .   c - +1 helmet
rElec    .         Reflect  .   (no cloak)
rCorr    .         Harm     .   e - +0 pair of gloves
MR       .....                  (no boots)
Stlth    +.........             (no amulet)
HPRegen  0.16/turn              (no ring)
MPRegen  0.10/turn              (no ring)

@: no status effects
A: change form in water, swift swim, stealthy swim, fire resistance 1, robust 1,
sturdy frame 1
a: no special abilities


You were on level 4 of the Dungeon.
You were not hungry.

You visited 1 branch of the dungeon, and saw 4 of its levels.

You collected 209 gold pieces.

Inventory:

Hand Weapons
 a - a +0 trident (weapon)
Missiles
 d - 2 throwing nets (quivered)
Armour
 b - a +0 leather armour (worn)
 c - a +1 helmet (worn)
 e - a +0 pair of gloves (worn)
Jewellery
 m - an uncursed ring of teleportation
Scrolls
 g - 4 scrolls of teleportation
 h - 2 scrolls of identify
Potions
 i - a potion of brilliance
 j - 2 potions of curing
 k - a potion of flight
Comestibles
 f - 6 rations


   Skills:
 - Level 2.1 Fighting
 + Level 10.0 Polearms
 - Level 2.0 Throwing
 - Level 4.0 Dodging


You had 5 spell levels left.
You didn't know any spells.
Your spell library was empty.

Dungeon Overview and Level Annotations

Branches:
Dungeon (4/15)
 Temple: D:4-7

Altars:
Qazlal


Innate Abilities, Weirdness & Mutations

You revert to your normal form in water.
You are very nimble and swift while swimming.
You are very stealthy in the water. (Stealth+)
Your flesh is heat resistant. (rF+)
You are robust. (+10% HP)
Your movements are slightly less encumbered by armour. (ER -2)


Message History

The ogre struggles against the net.
You hit the ogre but do no damage.
The ogre is lightly wounded.
The ogre struggles against the net.
You hit the ogre.
The ogre is lightly wounded.
The ogre struggles against the net.
You hit the ogre.
The ogre is moderately wounded.
The ogre struggles against the net.
The net rips apart, and the ogre comes free!
You hit the ogre.
The ogre is moderately wounded.
The ogre barely misses you.
You puncture the ogre!
The ogre is severely wounded.
You hit the ogre.
The ogre is almost dead.
The ogre hits you with a +0 giant club!!
You die...

....... .#
.........#
.........##
.....#..
....#.##
#.#...###.#
#..O<.....#
####@.#
#.....####
#.#......#
.......#.#.##
.......#.#.#
##.#..####.#
..(>.##.#.#
.....##.#.#
.##..##...#


You could see an ogre.

Vanquished Creatures
  An ice beast (D:3)
  A hound (D:4)
  A worker ant (D:4)
  4 gnolls (D:3)
  4 adders
  4 worms (D:2)
  A dart slug (D:1)
  2 leopard geckos
  6 orcs (D:3)
  12 bats
  5 giant cockroaches
  7 hobgoblins
  3 quokkas
  2 ball pythons
  3 frilled lizards
  7 goblins
  6 kobolds
  6 rats
75 creatures vanquished.

Notes
Turn   | Place    | Note
-------+----------+-------------------------------------------
     0 | D:1      | Curus the Merfolk Gladiator began the quest for the Orb.
     0 | D:1      | Reached XP level 1. HP: 16/16 MP: 1/1
    91 | D:1      | Reached skill level 5 in Polearms
    98 | D:1      | Reached XP level 2. HP: 15/22 MP: 2/2
   618 | D:2      | Reached skill level 6 in Polearms
   618 | D:2      | Reached XP level 3. HP: 26/27 MP: 3/3
   775 | D:2      | Gained mutation: Your flesh is heat resistant. (rF+)
                  | [potion of mutation]
   775 | D:2      | Gained mutation: You are robust. (+10% HP) [potion of
                  | mutation]
   775 | D:2      | Gained mutation: Your movements are slightly less
                  | encumbered by armour. (ER -2) [potion of mutation]
   934 | D:2      | Reached XP level 4. HP: 36/36 MP: 4/4
   979 | D:2      | Reached skill level 7 in Polearms
  1272 | D:3      | Found a stormy altar of Qazlal.
  1400 | D:3      | Noticed an ice beast
  1411 | D:3      | Killed an ice beast
  1411 | D:3      | Reached skill level 8 in Polearms
  1411 | D:3      | Reached XP level 5. HP: 25/41 MP: 5/5
  1535 | D:3      | Reached skill level 9 in Polearms
  1733 | D:3      | Reached XP level 6. HP: 29/48 MP: 6/6
  2146 | D:4      | Reached skill level 10 in Polearms
  2216 | D:4      | Demolished by an ogre

Levels and vault maps discovered:
D:1:      minmay_arrival_plants_in_alcoves, layout_loops_cross
D:2:      layout_basic, first_ration, minmay_misc_feat_alley,
          minmay_misc_feat_roman, minmay_distorted
D:3:      wad_crossroads, layout_rooms, overflow_temple_1_default,
          chequers_serial_rivers_micro_c
D:4:      layout_basic, minmay_temple_entry_waves,
          minmay_hollow_rounded_squares, uniq_robin

Skill      XL: |  1  2  3  4  5  6 |
---------------+-------------------+-----
Polearms       | 5 6 8 9 10 | 10.0
Fighting       | |  2.1
Throwing       | |  2.0
Dodging        | |  4.0

Action                   |  1- 3 |  4- 6 || total
-------------------------+-------+-------++-------
Melee: Trident           |   109 |   161 ||   270
Throw: Throwing net      |       |     1 ||     1
  Use: Scroll            |     5 |     3 ||     8
       Potion            |     4 |     2 ||     6
 Stab: Sleeping          |     6 |     1 ||     7
       Invisible         |     1 |       ||     1
       Distracted        |       |     1 ||     1
  Eat: Chunk             |       |     4 ||     4
Armor: Leather armour    |    17 |    23 ||    40
Dodge: Dodged            |    68 |    76 ||   144
